| TOP OF THE 1ST |
|
Greeneville Astros batting - Pitching for Texas (APP) Rangers : RHP Hector Aguado
|
|
Pitching: RHP Hector Aguado
|
|
|
Batting: RHB Barry Brents
|
0-0: Called Strike 0-1: Called Strike 0-2: Foul Ball, location: 2F 0-2: Ball 1-2: Ball 2-2: Ball 3-2: Fly out, F7 (Line Drive, 7, EV 93.1 MPH)
|
|
Batting: SHB Yoo-chul Jung
|
0-0: Ball 1-0: Foul Ball, location: 2F 1-1: Ball 2-1: Ground out 5-3 (Groundball, 5L, EV 102.5 MPH)
|
|
Batting: LHB Rich Gomez
|
0-0: Ball 1-0: Swinging Strike 1-1: Foul Ball, location: 2F 1-2: SINGLE (Groundball, 4MD, EV 104.4 MPH)
|
|
Batting: RHB Garrett Pálsson
|
0-0: Ball 1-0: Swinging Strike 1-1: Ball 2-1: Foul Ball, location: 2F 2-2: Ground out 1-3 (Groundball, 13, EV 85.6 MPH)
|
| Top of the 1st over - 0 runs, 1 hit, 0 errors, 1 left on base; Greeneville 0 - Texas (APP) 0 |
| BOTTOM OF THE 1ST |
|
Texas (APP) Rangers batting - Pitching for Greeneville Astros : RHP David Breaux
|
|
Pitching: RHP David Breaux
|
|
|
Batting: RHB David Andrade
|
0-0: Ball 1-0: Fly out, F4 (Flyball, 4D, EV 79.4 MPH)
|
|
Batting: RHB Brian Snyder
|
0-0: Ball 1-0: Ball 2-0: Called Strike 2-1: Ground out 4-3 (Groundball, 4, EV 86.9 MPH)
|
|
Batting: LHB Chris Torres
|
0-0: Ball 1-0: Called Strike 1-1: Foul Ball, location: 2F 1-2: Ball 2-2: Ball 3-2: SINGLE (Line Drive, 89M, EV 86.9 MPH)
|
|
Batting: RHB Rich Stinson
|
0-0: Ball Passed Ball! Chris Torres to second 1-0: TRIPLE (Flyball, 78XD, EV 96.3 MPH) Chris Torres scores
|
|
Batting: SHB Alvaro Palacio
|
0-0: Ball 1-0: Ball 2-0: Ball 3-0: Called Strike 3-1: SINGLE (Groundball, 34D, EV 98.8 MPH) Rich Stinson scores
|
|
Batting: RHB David Reyna
|
0-0: Ball 1-0: Called Strike 1-1: Ball 2-1: Called Strike 2-2: Ball 3-2: Foul Ball, location: 2F 3-2: Strikes out swinging
|
| Bottom of the 1st over - 2 runs, 3 hits, 0 errors, 1 left on base; Greeneville 0 - Texas (APP) 2 |
| TOP OF THE 2ND |
|
Greeneville Astros batting - Pitching for Texas (APP) Rangers : RHP Hector Aguado
|
|
Batting: RHB Matt Lancto
|
0-0: Called Strike 0-1: Ball 1-1: Swinging Strike 1-2: Strikes out swinging
|
|
Batting: SHB Dong Ming
|
0-0: Foul Ball, location: 2F 0-1: Ball 1-1: Swinging Strike 1-2: Strikes out looking
|
|
Batting: RHB Bobby Pedraza
|
0-0: Called Strike 0-1: Ball 1-1: Fly out, F9 (Flyball, 89D, EV 101.9 MPH)
|
| Top of the 2nd over - 0 runs, 0 hits, 0 errors, 0 left on base; Greeneville 0 - Texas (APP) 2 |
| BOTTOM OF THE 2ND |
|
Texas (APP) Rangers batting - Pitching for Greeneville Astros : RHP David Breaux
|
|
Batting: RHB Masashi Oba
|
0-0: Ball 1-0: Called Strike 1-1: Foul Ball, location: 2F 1-2: Fly out, F9 (Flyball, 9S, EV 95.6 MPH)
|
|
Batting: RHB Humberto Oros
|
0-0: Reached on error, E6 (Groundball, 6, EV 103.1 MPH)
|
|
Batting: LHB David Ramirez
|
0-0: Ball 1-0: Swinging Strike 1-1: Swinging Strike 1-2: Strikes out swinging
|
|
Batting: RHB David Andrade
|
0-0: Ball 1-0: SINGLE (Groundball, 4MD, EV 95.0 MPH) Humberto Oros to second
|
|
Batting: RHB Brian Snyder
|
0-0: Ball 1-0: Fielders Choice at 2nd, 6-4 (Groundball, 56, EV 104.4 MPH)
|
| Bottom of the 2nd over - 0 runs, 1 hit, 1 error, 2 left on base; Greeneville 0 - Texas (APP) 2 |
| TOP OF THE 3RD |
|
Greeneville Astros batting - Pitching for Texas (APP) Rangers : RHP Hector Aguado
|
|
Batting: SHB David Pinder
|
0-0: Ball 1-0: Called Strike 1-1: Swinging Strike 1-2: Strikes out swinging
|
|
Batting: RHB Antonio Saldana
|
0-0: Called Strike 0-1: Swinging Strike 0-2: Ball 1-2: Foul Ball, location: 2F 1-2: Ground out 4-3 (Groundball, 34, EV 108.8 MPH)
|
|
Batting: RHB Barry Brents
|
0-0: SINGLE (Groundball, 4MD, EV 99.4 MPH)
|
|
Batting: SHB Yoo-chul Jung
|
0-0: Ball 1-0: Ball 2-0: Ball 3-0: Called Strike 3-1: SINGLE (Groundball, 5D, EV 96.3 MPH) Barry Brents to second
|
|
Batting: LHB Rich Gomez
|
0-0: Called Strike 0-1: Ball 1-1: Called Strike 1-2: Strikes out swinging
|
| Top of the 3rd over - 0 runs, 2 hits, 0 errors, 2 left on base; Greeneville 0 - Texas (APP) 2 |
| BOTTOM OF THE 3RD |
|
Texas (APP) Rangers batting - Pitching for Greeneville Astros : RHP David Breaux
|
|
Batting: LHB Chris Torres
|
0-0: Ball 1-0: Foul Ball, location: 2F 1-1: Ball 2-1: Fly out, F9 (Line Drive, 9D, EV 88.1 MPH)
|
|
Batting: RHB Rich Stinson
|
0-0: Ball 1-0: Ball 2-0: Ground out 4-3 (Groundball, 4, EV 91.3 MPH)
|
|
Batting: SHB Alvaro Palacio
|
0-0: Called Strike 0-1: Ball 1-1: SINGLE (Groundball, 34, EV 103.1 MPH) (infield hit)
|
|
Batting: RHB David Reyna
|
0-0: Called Strike Alvaro Palacio is caught stealing 2nd base 2-4
|
| Bottom of the 3rd over - 0 runs, 1 hit, 0 errors, 0 left on base; Greeneville 0 - Texas (APP) 2 |
| TOP OF THE 4TH |
|
Greeneville Astros batting - Pitching for Texas (APP) Rangers : RHP Hector Aguado
|
|
Batting: RHB Garrett Pálsson
|
0-0: Ball 1-0: Ball 2-0: Ball 3-0: Called Strike 3-1: Fly out, F8 (Line Drive, 8LM, EV 84.4 MPH)
|
|
Batting: RHB Matt Lancto
|
0-0: Ball 1-0: Fly out, F8 (Flyball, 78XD, EV 103.8 MPH)
|
|
Batting: SHB Dong Ming
|
0-0: Ball 1-0: Ball 2-0: Called Strike 2-1: Ground out 4-3 (Groundball, 4, EV 108.1 MPH)
|
| Top of the 4th over - 0 runs, 0 hits, 0 errors, 0 left on base; Greeneville 0 - Texas (APP) 2 |
| BOTTOM OF THE 4TH |
|
Texas (APP) Rangers batting - Pitching for Greeneville Astros : RHP David Breaux
|
|
Batting: RHB David Reyna
|
0-0: Ball 1-0: Ball 2-0: Ball 3-0: Foul Ball, location: 2F 3-1: Base on Balls
|
|
Batting: RHB Masashi Oba
|
0-0: Hit by Pitch David Reyna to second
|
|
Batting: RHB Humberto Oros
|
0-0: Called Strike 0-1: Ball 1-1: Swinging Strike 1-2: Ball 2-2: Fly out, F9 (Line Drive, 9, EV 92.5 MPH)
|
|
Batting: LHB David Ramirez
|
0-0: Ball 1-0: Ball 2-0: Foul Ball, location: 2F 2-1: Fielders Choice at 2nd, 6-4 (Groundball, 6, EV 87.5 MPH) David Reyna to third
|
|
Batting: RHB David Andrade
|
0-0: Ball Wild Pitch! David Reyna scores David Ramirez to second 1-0: Ball 2-0: Ground out 5-3 (Groundball, 5L, EV 106.9 MPH)
|
| Bottom of the 4th over - 1 run, 0 hits, 0 errors, 1 left on base; Greeneville 0 - Texas (APP) 3 |
| TOP OF THE 5TH |
|
Greeneville Astros batting - Pitching for Texas (APP) Rangers : RHP Hector Aguado
|
|
Batting: RHB Bobby Pedraza
|
0-0: Ball 1-0: Swinging Strike 1-1: Hit by Pitch
|
|
Batting: SHB David Pinder
|
0-0: Ball 1-0: Foul Ball, location: 2F 1-1: Called Strike 1-2: Strikes out looking
|
|
Batting: RHB Antonio Saldana
|
0-0: SINGLE (Groundball, 4MD, EV 107.5 MPH) Bobby Pedraza to second
|
|
Batting: RHB Barry Brents
|
0-0: Ball 1-0: Ball 2-0: Foul Ball, location: 2F 2-1: Foul Ball, location: 2F 2-2: Fielders Choice at 2nd, 1-6 (Groundball, 34S, EV 85.0 MPH) Bobby Pedraza to third
|
|
Batting: SHB Yoo-chul Jung
|
0-0: Ball 1-0: Foul Ball, location: 2F 1-1: Foul Ball, location: 2F 1-2: Ball 2-2: Strikes out looking
|
| Top of the 5th over - 0 runs, 1 hit, 0 errors, 2 left on base; Greeneville 0 - Texas (APP) 3 |
| BOTTOM OF THE 5TH |
|
Texas (APP) Rangers batting - Pitching for Greeneville Astros : RHP David Breaux
|
|
Batting: RHB Brian Snyder
|
0-0: Ball 1-0: Ball 2-0: Ball 3-0: Called Strike 3-1: Called Strike 3-2: Foul Ball, location: 2F 3-2: Base on Balls
|
|
Pitching: RHP Zach Hayes
|
|
|
Batting: LHB Chris Torres
|
0-0: Swinging Strike 0-1: Ball 1-1: Foul Ball, location: 2F 1-2: Ball 2-2: Strikes out swinging
|
|
Batting: RHB Rich Stinson
|
0-0: Ball 1-0: Swinging Strike 1-1: Called Strike 1-2: Ball Brian Snyder steals 2nd base 2-2: Strikes out looking
|
|
Batting: SHB Alvaro Palacio
|
0-0: Called Strike 0-1: Foul Ball, location: 2F 0-2: Ball 1-2: Ball 2-2: SINGLE (Line Drive, 6MD, EV 97.5 MPH) Brian Snyder to third Runner from 3rd tries for Home, SAFE, no throw by CF
|
|
Batting: RHB David Reyna
|
0-0: Called Strike Alvaro Palacio steals 2nd base 0-1: Ball 1-1: Ball 2-1: Ball 3-1: Base on Balls
|
|
Batting: RHB Masashi Oba
|
0-0: SINGLE (Line Drive, 4MD, EV 94.4 MPH) Alvaro Palacio to third David Reyna to second Runner from 3rd tries for Home, SAFE, no throw by CF
|
|
Batting: RHB Humberto Oros
|
0-0: Ball 1-0: Ball 2-0: Swinging Strike 2-1: Ball 3-1: Base on Balls David Reyna to third Masashi Oba to second
|
|
Batting: LHB David Ramirez
|
0-0: Foul Ball, location: 2F 0-1: Ball 1-1: Foul Ball, location: 2F 1-2: Foul Ball, location: 2F 1-2: Ball 2-2: Fly out, F5 (Popup, 25F, EV 90.0 MPH)
|
| Bottom of the 5th over - 2 runs, 2 hits, 0 errors, 3 left on base; Greeneville 0 - Texas (APP) 5 |
| TOP OF THE 6TH |
|
Greeneville Astros batting - Pitching for Texas (APP) Rangers : RHP Hector Aguado
|
|
Batting: LHB Rich Gomez
|
0-0: Foul Ball, location: 2F 0-1: Ball 1-1: Foul Ball, location: 2F 1-2: Ball 2-2: SINGLE (Groundball, 6D, EV 107.5 MPH)
|
|
Batting: RHB Garrett Pálsson
|
0-0: Ball 1-0: DOUBLE (Line Drive, 3D, EV 98.8 MPH) Rich Gomez to third Runner from 3rd tries for Home, SAFE, throw by RF to home
|
|
Batting: RHB Matt Lancto
|
0-0: Ball 1-0: Called Strike 1-1: Swinging Strike 1-2: Ground out 6-3 (Groundball, 56, EV 81.3 MPH)
|
|
Batting: SHB Dong Ming
|
0-0: Ground out 1-3 (Groundball, 25, EV 70.6 MPH)
|
|
Batting: RHB Bobby Pedraza
|
0-0: Called Strike 0-1: Ball Wild Pitch! Garrett Pálsson to third 1-1: Ball 2-1: Swinging Strike 2-2: Strikes out swinging
|
| Top of the 6th over - 1 run, 2 hits, 0 errors, 1 left on base; Greeneville 1 - Texas (APP) 5 |
| BOTTOM OF THE 6TH |
|
Texas (APP) Rangers batting - Pitching for Greeneville Astros : RHP Zach Hayes
|
|
Batting: RHB David Andrade
|
0-0: Ball 1-0: Swinging Strike 1-1: Ball 2-1: Ground out 1-3 (Groundball, 23, EV 80.0 MPH)
|
|
Batting: RHB Brian Snyder
|
0-0: Ball 1-0: Ball 2-0: Foul Ball, location: 2F 2-1: Ball 3-1: SINGLE (Flyball, 8RS, EV 97.5 MPH)
|
|
Batting: LHB Chris Torres
|
0-0: Called Strike Brian Snyder steals 2nd base 0-1: Foul Ball, location: 2F 0-2: Ball 1-2: Ball 2-2: Fly out, F8 (Flyball, 8LM, EV 95.0 MPH)
|
|
Batting: RHB Rich Stinson
|
0-0: Ball 1-0: Foul Ball, location: 2F 1-1: Ball 2-1: Ball 3-1: Base on Balls
|
|
Batting: SHB Alvaro Palacio
|
0-0: Called Strike 0-1: Ball 1-1: Ball 2-1: Swinging Strike 2-2: SINGLE (Groundball, 4, EV 100.6 MPH) (infield hit) Brian Snyder to third Rich Stinson to second
|
|
Batting: RHB David Reyna
|
0-0: Fielders Choice at 2nd, 5-4 (Groundball, 5, EV 87.5 MPH)
|
| Bottom of the 6th over - 0 runs, 2 hits, 0 errors, 3 left on base; Greeneville 1 - Texas (APP) 5 |
| TOP OF THE 7TH |
|
Greeneville Astros batting - Pitching for Texas (APP) Rangers : RHP Hector Aguado
|
|
Pitching: RHP Jose Feliz
|
|
|
Batting: SHB David Pinder
|
0-0: Swinging Strike 0-1: Called Strike 0-2: Hit by Pitch
|
|
Batting: RHB Antonio Saldana
|
0-0: Sac Bunt to 2R - play at first, batter OUT! 2-3 David Pinder to second
|
|
Batting: RHB Barry Brents
|
0-0: Called Strike 0-1: Foul Ball, location: 2F 0-2: Strikes out swinging
|
|
Batting: SHB Yoo-chul Jung
|
0-0: Ball 1-0: Called Strike 1-1: Called Strike 1-2: Strikes out swinging
|
| Top of the 7th over - 0 runs, 0 hits, 0 errors, 1 left on base; Greeneville 1 - Texas (APP) 5 |
| BOTTOM OF THE 7TH |
|
Texas (APP) Rangers batting - Pitching for Greeneville Astros : RHP Zach Hayes
|
|
Pitching: LHP Josh Clark
|
|
|
Batting: RHB Masashi Oba
|
0-0: Ball 1-0: SINGLE (Groundball, 6MD, EV 104.4 MPH)
|
|
Batting: RHB Humberto Oros
|
0-0: Ball 1-0: Bunt missed! 1-1: Reached on error, E1 (Groundball, 15, EV 43.8 MPH) Masashi Oba to second
|
|
Batting: LHB David Ramirez
|
0-0: Sac Bunt to 23 - play at first, batter safe! Masashi Oba to third Humberto Oros to second
|
|
Batting: RHB David Andrade
|
0-0: Ball 1-0: Called Strike 1-1: Foul Ball, location: 2F 1-2: SINGLE (Groundball, 15S, EV 66.9 MPH) (infield hit) Masashi Oba scores Humberto Oros to third David Ramirez to second
|
|
Batting: RHB Brian Snyder
|
0-0: Called Strike 0-1: Swinging Strike 0-2: Ball 1-2: Ball 2-2: Strikes out looking
|
|
Batting: LHB Chris Torres
|
0-0: Foul Ball, location: 2F 0-1: Ball 1-1: Ball 2-1: Foul Ball, location: 2F 2-2: Foul Ball, location: 2F 2-2: Grounds into fielders choice 1-2 (Groundball, 34S, EV 66.3 MPH) David Ramirez to third David Andrade to second
|
|
Batting: RHB Rich Stinson
|
0-0: Foul Ball, location: 2F 0-1: Foul Ball, location: 2F 0-2: Ball 1-2: Ball 2-2: Foul Ball, location: 2F 2-2: Ball 3-2: Foul Ball, location: 2F 3-2: Base on Balls David Ramirez scores David Andrade to third Chris Torres to second
|
|
Batting: SHB Alvaro Palacio
|
0-0: Called Strike 0-1: Ball 1-1: SINGLE (Groundball, 56D, EV 93.8 MPH) David Andrade scores Chris Torres to third Rich Stinson to second Runner from 3rd tries for Home, throw by LF and OUT! 7-2
|
| Bottom of the 7th over - 3 runs, 4 hits, 1 error, 2 left on base; Greeneville 1 - Texas (APP) 8 |
| TOP OF THE 8TH |
|
Greeneville Astros batting - Pitching for Texas (APP) Rangers : RHP Jose Feliz
|
|
Batting: LHB Rich Gomez
|
0-0: Ball 1-0: Called Strike 1-1: Ball 2-1: Swinging Strike 2-2: Strikes out swinging
|
|
Batting: RHB Garrett Pálsson
|
0-0: Called Strike 0-1: Ball 1-1: Ground out U3 (Groundball, 34, EV 86.9 MPH)
|
|
Batting: RHB Matt Lancto
|
0-0: Called Strike 0-1: Ball 1-1: Called Strike 1-2: Strikes out swinging
|
| Top of the 8th over - 0 runs, 0 hits, 0 errors, 0 left on base; Greeneville 1 - Texas (APP) 8 |
| BOTTOM OF THE 8TH |
|
Texas (APP) Rangers batting - Pitching for Greeneville Astros : LHP Josh Clark
|
|
Batting: RHB David Reyna
|
0-0: Ball 1-0: Ball 2-0: Ball 3-0: Base on Balls
|
|
Batting: RHB Masashi Oba
|
0-0: Ball 1-0: Foul Ball, location: 2F 1-1: Foul Ball, location: 2F 1-2: Hit by Pitch David Reyna to second
|
|
Batting: RHB Humberto Oros
|
0-0: Ball Wild Pitch! David Reyna to third Masashi Oba to second 1-0: Ground out 4-3 (Groundball, 4, EV 100.0 MPH) David Reyna scores Masashi Oba to third
|
|
Batting: LHB David Ramirez
|
0-0: Fly out, F5 (Popup, 25F, EV 80.6 MPH)
|
|
Batting: RHB David Andrade
|
0-0: Called Strike 0-1: Ball 1-1: Swinging Strike 1-2: Ball 2-2: Strikes out swinging
|
| Bottom of the 8th over - 1 run, 0 hits, 0 errors, 1 left on base; Greeneville 1 - Texas (APP) 9 |
| TOP OF THE 9TH |
|
Greeneville Astros batting - Pitching for Texas (APP) Rangers : RHP Jose Feliz
|
|
Batting: SHB Dong Ming
|
0-0: SOLO HOME RUN (Flyball, 9D, EV 95.0 MPH), Distance : 367 ft
|
|
Batting: RHB Bobby Pedraza
|
0-0: Ball 1-0: Fly out, F3 (Line Drive, 3, EV 71.3 MPH)
|
|
Batting: SHB David Pinder
|
0-0: Ball 1-0: Called Strike 1-1: Ball 2-1: Foul Ball, location: 2F 2-2: Ball 3-2: Foul Ball, location: 2F 3-2: Foul Ball, location: 2F 3-2: Base on Balls
|
|
Batting: RHB Antonio Saldana
|
0-0: Swinging Strike 0-1: Ball 1-1: Foul Ball, location: 2F 1-2: Ball 2-2: Strikes out looking
|
|
Batting: RHB Barry Brents
|
0-0: Ball 1-0: Called Strike 1-1: Ball 2-1: Foul Ball, location: 2F 2-2: Ball 3-2: Strikes out swinging
|
| Top of the 9th over - 1 run, 1 hit, 0 errors, 1 left on base; Greeneville 2 - Texas (APP) 9 |
|